[Event "Titled Tuesday Blitz August 15 Late 2023"]
[White "olackza"]
[Black "Verony64"]
[WhiteElo "2194"]
[BlackElo "2107"]
[Result "0-1"]
[Round "10"]
[TimeControl "180+1"]
[Date "2023.08.15"]
[WhiteClock "0:00:05"]
[BlackClock "0:00:12"]
[Board "103"]

1. e4 d6 2. d4 c6 3. Nc3 Nd7 4. Be3 e5 5. Qd2 Be7 6. Nge2 Ngf6 7. O-O-O b5 8. Ng3 g6 9. f4 Qc7 10. fxe5 dxe5 11. d5 cxd5 12. Nxb5 Qb8 13. exd5 a6 14. Nc3 Bd6 15. Nge4 Bb7 16. Bh6 Nxe4 17. Nxe4 f5 18. Nxd6+ Qxd6 19. Bc4 Rc8 20. Bb3 Nc5 21. Bg7 Rg8 22. Bxe5 Qxe5 23. Rhe1 Ne4 24. Ba4+ Kf7 25. Qb4 Ba8 26. d6 Rb8 27. Bb3+ Kg7 28. Qa4 Rgd8 29. d7 Rb6 30. Qc4 Qf6 31. g4 Rc6 32. Qd3 Rd6 33. Qe3 R8xd7 34. Rxd6 Rxd6 35. gxf5 gxf5 36. Qa7+ Kh6 37. Qxa8 Qg5+ 38. Kb1 Qd2 39. Rc1 Qd4 40. Qf8+ Qg7 41. Qxg7+ Kxg7 42. Bc4 Kf6 43. Bd3 Nd2+ 44. Ka1 Nf3 45. h3 Nd4 46. Rf1 Ke5 47. Kb1 f4 48. Kc1 Ne6 49. Kd2 Ng5 50. h4 Ne6 51. Re1+ Kf6 52. Ke2 h6 53. Kf3 Rd4 54. Re4 Rd6 55. b3 Rc6 56. a4 Rd6 57. Rb4 Nd4+ 58. Ke4 Nc6 59. Kxf4 Nxb4 60. a5 Nxd3+ 61. cxd3 Rxd3 62. Kg4 Rxb3 63. Kh5 Rb4 64. Kxh6 0-1


[Site "https://www.chess.com"]

[Event "Titled Tuesday Blitz August 15 Late 2023"]
[White "laskakid"]
[Black "Joubert, Dantelle"]
[BlackFideId "14310813"]
[WhiteElo "2136"]
[BlackElo "2062"]
[Result "0-1"]
[Round "10"]
[TimeControl "180+1"]
[Date "2023.08.15"]
[WhiteClock "0:00:04"]
[BlackClock "0:00:33"]
[Board "104"]

1. Nf3 d5 2. g3 Nf6 3. Bg2 e6 4. O-O Be7 5. c4 O-O 6. b3 c5 7. cxd5 Nxd5 8. Nc3 Nc6 9. Nxd5 exd5 10. d4 Bf6 11. Bb2 Bg4 12. Rc1 Bxf3 13. Bxf3 cxd4 14. a3 Qd6 15. b4 a6 16. Qb3 Rad8 17. Rc5 Ne7 18. Rfc1 b6 19. Rc7 Rd7 20. R7c2 Rfd8 21. Qd3 Qe5 22. Qxa6 Rd6 23. Qd3 Nf5 24. Rc7 g6 25. a4 Re6 26. a5 bxa5 27. bxa5 Nd6 28. a6 Nc4 29. Qb3 Qxc7 30. Bxd5 Rxd5 31. Rxc4 Qa7 32. Rc8+ Rd8 33. Rxd8+ Bxd8 34. Qc4 Qxa6 35. Qxd4 Bf6 36. Qd2 Bxb2 37. Qxb2 Qxe2 38. Qb8+ Kg7 39. Qf4 Qe1+ 40. Kg2 Qe4+ 41. Qxe4 Rxe4 0-1


[Site "https://www.chess.com"]

[Event "Titled Tuesday Blitz August 15 Late 2023"]
[White "Burke, Paul"]
[Black "Petersson, Kjell"]
[WhiteFideId "2605767"]
[BlackFideId "1705148"]
[WhiteElo "1845"]
[BlackElo "2168"]
[Result "0-1"]
[Round "10"]
[TimeControl "180+1"]
[Date "2023.08.15"]
[WhiteClock "0:00:00"]
[BlackClock "0:00:52"]
[Board "105"]

1. e4 c5 2. d4 cxd4 3. c3 d5 4. exd5 Qxd5 5. cxd4 Nc6 6. Nf3 e5 7. Be3 e4 8. Nfd2 Nf6 9. Nc3 Qa5 10. Nc4 Qd8 11. d5 Nb8 12. d6 Be6 13. Qa4+ Nc6 14. Ne5 Qxd6 15. Nxc6 bxc6 16. Rd1 Qc7 17. Bf4 Qb7 18. Ba6 Qb6 19. O-O Be7 0-1


[Site "https://www.chess.com"]

[Event "Titled Tuesday Blitz August 15 Late 2023"]
[White "cthake"]
[Black "Maluco_do_Natal_00"]
[WhiteElo "1832"]
[BlackElo "2070"]
[Result "0-1"]
[Round "10"]
[TimeControl "180+1"]
[Date "2023.08.15"]
[WhiteClock "0:00:32"]
[BlackClock "0:00:15"]
[Board "106"]

1. e4 c5 2. Nc3 Nc6 3. f4 d6 4. Nf3 g6 5. Bc4 Bg7 6. d3 Bg4 7. Bxf7+ Kxf7 8. Ng5+ Ke8 9. Qxg4 Qd7 10. Ne6 Bxc3+ 11. bxc3 Nf6 12. Qh3 h5 13. f5 Ne5 14. O-O Neg4 15. Bg5 Qa4 16. Bxf6 Nxf6 17. Nc7+ Kf7 18. Nxa8 Rxa8 19. fxg6+ Kg7 20. Rf2 Ng4 21. Rf7+ Kxg6 22. Rxe7 Qxc2 23. Rf1 Qxc3 24. Re6+ Kg7 25. Qxh5 Qd4+ 26. Kh1 Nf2+ 27. Rxf2 Qa1+ 0-1


[Site "https://www.chess.com"]

[Event "Titled Tuesday Blitz August 15 Late 2023"]
[White "dorpato"]
[Black "Vargas, Mauricio"]
[BlackFideId "4404572"]
[WhiteElo "2036"]
[BlackElo "1868"]
[Result "1-0"]
[Round "10"]
[TimeControl "180+1"]
[Date "2023.08.15"]
[WhiteClock "0:00:53"]
[BlackClock "0:01:07"]
[Board "107"]

1. e4 d5 2. exd5 Qxd5 3. Nc3 Qa5 4. g3 c6 5. Bg2 Nf6 6. Nge2 Bg4 7. O-O e6 8. d4 Qh5 9. f3 Bf5 10. Nf4 Qg5 11. Nxe6 Qg6 12. Nc7+ Kd7 13. Nxa8 Bd6 14. Ne4 Bb4 15. c3 Ba5 16. Nxf6+ Qxf6 17. Qb3 b5 18. a4 Qg6 19. axb5 Bc2 20. bxc6+ Nxc6 21. Qd5+ Qd6 22. Qxf7+ Ne7 23. Rxa5 Rxa8 24. Bf4 Qb6 25. Rd5+ Kc6 26. Rd6+ 1-0


[Site "https://www.chess.com"]

[Event "Titled Tuesday Blitz August 15 Late 2023"]
[White "Duda, Jan-Krzysztof"]
[Black "Deac, Bogdan-Daniel"]
[WhiteFideId "1170546"]
[BlackFideId "1226380"]
[WhiteElo "3086"]
[BlackElo "3013"]
[Result "1/2-1/2"]
[Round "11"]
[TimeControl "180+1"]
[Date "2023.08.15"]
[WhiteClock "0:00:08"]
[BlackClock "0:00:06"]
[Board "1"]

1. Nf3 d5 2. g3 Nf6 3. Bg2 e6 4. O-O Be7 5. b3 O-O 6. Bb2 b6 7. c4 Bb7 8. e3 c5 9. Qe2 Qc8 10. Rd1 Rd8 11. Na3 Nc6 12. d3 a6 13. cxd5 Nxd5 14. Nc4 b5 15. Nce5 Nxe5 16. Nxe5 f6 17. Nf3 e5 18. Rac1 Qe6 19. Nd2 Rac8 20. Qf1 Qb6 21. Ne4 f5 22. Nd2 Nb4 23. Nf3 e4 24. dxe4 Bxe4 25. a3 Nd3 26. Rb1 Nxb2 27. Rxb2 Bf6 28. Rbd2 Rxd2 29. Rxd2 c4 30. bxc4 bxc4 31. Nd4 c3 32. Rd1 Bxg2 33. Qxg2 c2 34. Qd5+ Kf8 35. Rc1 Qb2 36. Qd6+ Be7 37. Qd7 Qxc1+ 38. Kg2 Qg1+ 39. Kxg1 c1=Q+ 40. Kg2 g6 41. Ne6+ Kf7 42. Ng5+ Kf8 43. Nxh7+ Kf7 44. Ng5+ Kf8 45. Ne6+ Kf7 46. Ng5+ Kf8 47. Ne6+ Kf7 48. Ng5+ 1/2-1/2


[Site "https://www.chess.com"]

[Event "Titled Tuesday Blitz August 15 Late 2023"]
[White "Hakobyan, Aram"]
[Black "Grischuk, Alexander"]
[WhiteFideId "13306677"]
[BlackFideId "4126025"]
[WhiteElo "3009"]
[BlackElo "3046"]
[Result "1-0"]
[Round "11"]
[TimeControl "180+1"]
[Date "2023.08.15"]
[WhiteClock "0:00:02"]
[BlackClock "0:00:00"]
[Board "2"]

1. e4 e5 2. Nf3 Nc6 3. Bb5 a6 4. Ba4 Bc5 5. O-O Nge7 6. c3 Ng6 7. d4 Ba7 8. Bg5 f6 9. Be3 O-O 10. Nbd2 d6 11. Re1 Kh8 12. Bc2 Nce7 13. Nf1 exd4 14. Bxd4 Bxd4 15. Nxd4 d5 16. exd5 Qxd5 17. Ne3 Qg5 18. Qf3 Ne5 19. Qg3 Qxg3 20. hxg3 Bd7 21. Rad1 Rad8 22. f3 Bc8 23. Kf2 g6 24. g4 Kg7 25. b4 b6 26. a3 Rfe8 27. Kg3 h6 28. Bb3 c5 29. bxc5 bxc5 30. Ne6+ Bxe6 31. Bxe6 Rxd1 32. Rxd1 N7c6 33. Bd5 Nd8 34. Kf2 Ndf7 35. Bxf7 Nxf7 36. Rd5 Rc8 37. Nc4 Rc7 38. a4 Kf8 39. Nd2 Ke7 40. Ne4 c4 41. Ra5 Rc6 42. Nc5 Ne5 43. Nxa6 Rd6 44. Nb4 Rd2+ 45. Kg3 Nd3 46. Ra7+ Ke6 47. Ra6+ Ke7 48. Nd5+ Kf7 49. Rxf6+ Kg7 50. Rc6 g5 51. Ne3 Nf4 52. Rxc4 Re2 53. Re4 Kg6 54. a5 Ra2 55. a6 Rxa6 56. c4 Ra2 57. c5 Ra5 58. Rc4 Ra3 59. Re4 Ra2 60. Kh2 Ra6 61. g3 1-0


[Site "https://www.chess.com"]

[Event "Titled Tuesday Blitz August 15 Late 2023"]
[White "Vachier-Lagrave, Maxime"]
[Black "Martinez Alcantara, Jose Eduardo"]
[WhiteFideId "623539"]
[BlackFideId "3805662"]
[WhiteElo "3132"]
[BlackElo "3015"]
[Result "1-0"]
[Round "11"]
[TimeControl "180+1"]
[Date "2023.08.15"]
[WhiteClock "0:00:07"]
[BlackClock "0:00:15"]
[Board "3"]

1. d4 Nf6 2. c4 e6 3. Nf3 Bb4+ 4. Nbd2 O-O 5. a3 Be7 6. e4 d6 7. Be2 a5 8. b3 c5 9. d5 Nbd7 10. Qc2 Re8 11. dxe6 fxe6 12. e5 Nxe5 13. Nxe5 dxe5 14. Bb2 Qc7 15. Bf3 Bd7 16. O-O a4 17. Rfe1 axb3 18. Qxb3 Bd6 19. Ne4 Nxe4 20. Bxe4 Bc6 21. Bxc6 Qxc6 22. Bxe5 Bf8 23. Re3 Red8 24. h4 Rd7 25. a4 Rf7 26. Qb5 Rc8 27. Rd1 h6 28. g3 Be7 29. Bc3 Bf8 30. Rde1 Ra8 31. Qxc6 bxc6 32. a5 Rb7 33. Rxe6 Rb3 34. R1e3 Ra3 35. Rxc6 Rd8 36. Kg2 Ra4 37. Re4 Rd3 38. Be1 Rd8 39. Rb6 Rd4 40. Rxd4 cxd4 41. Rc6 Ra1 42. Bd2 Ra2 43. Be1 Ra1 44. Re6 Ra4 45. Kf3 Rxc4 46. Ke4 Kf7 47. Rb6 Ra4 48. Bd2 Bc5 49. Rb5 d3+ 50. Kxd3 Bd6 51. Be3 Ke6 52. Bb6 Kd7 53. Rf5 Ke6 54. Rb5 Kd7 55. Ke2 Kc6 56. Rf5 Be7 57. Rf7 Bf6 58. Rc7+ Kd5 59. Kf3 Kd6 60. Ra7 Kc6 61. Kg2 Kb5 62. Ra8 Kc6 63. Be3 Kb7 64. Ra7+ Kc6 65. h5 Kb5 66. Bb6 Re4 67. Rc7 Ka6 68. f4 Re1 69. Kf3 Rh1 70. Kg4 Kb5 71. Rc5+ Ka6 72. Rd5 Be7 73. Bd8 Bb4 74. Rd7 Bc3 75. Rd6+ Ka7 76. a6 Ra1 77. Bb6+ Kxa6 78. Bd4+ Kb5 79. Bxc3 Ra7 80. Be5 Ra2 81. Rg6 Kc4 82. Rxg7 Rh2 83. Rg6 Kd3 84. Rxh6 Ke4 85. Rg6 Ra2 86. h6 Ra8 87. h7 Rc8 88. h8=Q Rc1 89. Qa8+ Kd3 90. Qf3+ Kd2 91. Rd6+ Kc2 92. Qd3# 1-0


[Site "https://www.chess.com"]

[Event "Titled Tuesday Blitz August 15 Late 2023"]
[White "Kovalev, Vladislav"]
[Black "Keymer, Vincent"]
[WhiteFideId "13504398"]
[BlackFideId "12940690"]
[WhiteElo "2889"]
[BlackElo "2962"]
[Result "1-0"]
[Round "11"]
[TimeControl "180+1"]
[Date "2023.08.15"]
[WhiteClock "0:02:07"]
[BlackClock "0:02:21"]
[Board "4"]

1. e4 c6 2. Nf3 d5 3. d3 dxe4 4. dxe4 Qxd1+ 5. Kxd1 Nd7 6. Ne1 e5 7. f3 f5 8. exf5 Nc5 9. Be3 Bxf5 10. Bxc5 Bxc5 11. Bd3 O-O-O 12. Nd2 Be3 13. Bxf5+ 1-0


[Site "https://www.chess.com"]

[Event "Titled Tuesday Blitz August 15 Late 2023"]
[White "Nakamura, Hikaru"]
[Black "Holt, Conrad"]
[WhiteFideId "2016192"]
[BlackFideId "2034387"]
[WhiteElo "3211"]
[BlackElo "2928"]
[Result "1-0"]
[Round "11"]
[TimeControl "180+1"]
[Date "2023.08.15"]
[WhiteClock "0:00:19"]
[BlackClock "0:00:00"]
[Board "5"]

1. b3 d5 2. Bb2 Bf5 3. Ba3 Nf6 4. Nf3 g6 5. e3 Bg7 6. d4 O-O 7. Bd3 Ne4 8. Nh4 Bd7 9. c3 Re8 10. O-O a5 11. Nf3 Nc6 12. Qc2 e5 13. Nbd2 Nxd2 14. Nxd2 a4 15. b4 Na7 16. Rad1 Nb5 17. Bb2 Qe7 18. dxe5 a3 19. Ba1 Bxe5 20. c4 dxc4 21. Bxc4 Bxa1 22. Rxa1 Nd6 23. Bb3 Bf5 24. Qc5 Rad8 25. Rac1 c6 26. Nf3 Bd3 27. Rfe1 Ne4 28. Qxe7 Rxe7 29. Red1 Rdd7 30. Nd4 Ba6 31. f3 Nf6 32. e4 Re8 33. Kf2 Red8 34. Ke3 h5 35. Rd2 Re8 36. Rcd1 Nd5+ 37. Bxd5 Rxd5 38. Nc2 Rb5 39. Rb1 c5 40. Nxa3 Rxb4 41. Rxb4 cxb4 42. Nc2 Bc4 43. Nxb4 Ra8 44. Kd4 b5 45. Kc3 h4 46. Kb2 Kg7 47. a3 Kf6 48. Nc6 1-0


[Site "https://www.chess.com"]

[Event "Titled Tuesday Blitz August 15 Late 2023"]
[White "Drygalov, Sergey"]
[Black "Bortnyk, Olexandr"]
[WhiteFideId "24171743"]
[BlackFideId "14120828"]
[WhiteElo "2973"]
[BlackElo "3080"]
[Result "1-0"]
[Round "11"]
[TimeControl "180+1"]
[Date "2023.08.15"]
[WhiteClock "0:00:10"]
[BlackClock "0:00:03"]
[Board "6"]

1. d4 Nf6 2. c4 b6 3. f3 Bb7 4. e4 Nc6 5. Nc3 e5 6. d5 Nd4 7. Nge2 Bc5 8. a3 a5 9. Nxd4 Bxd4 10. Nb5 Bc5 11. d6 Nxe4 12. Nxc7+ Kf8 13. fxe4 Qh4+ 14. Kd2 Bxe4 15. Bd3 Bxd3 16. Kxd3 Rc8 17. Kc2 Qe4+ 18. Kc3 a4 19. Qd3 Bd4+ 20. Kc2 Qc6 21. Bd2 g6 22. Rac1 Kg7 23. Kb1 Qxg2 24. Nb5 Bc5 25. Rhf1 Rhf8 26. Bc3 f6 27. h4 Qg4 28. Rh1 h5 29. Ka1 Kh7 30. Bd2 e4 31. Qc2 e3 32. Bc3 Rce8 33. Nc7 Re4 34. Nd5 Qe6 35. Bxf6 e2 36. Bc3 Rxc4 37. Qd3 Rg4 38. Rhe1 Rg2 39. Bb4 Rf5 40. Nc3 Bxb4 41. axb4 a3 42. bxa3 Qb3 43. Rxe2 Qxa3+ 44. Kb1 Qxb4+ 45. Kc2 Rff2 46. Re1 Qxh4 47. Rxf2 Rxf2+ 48. Re2 Qf4 49. Rxf2 Qxf2+ 50. Kb3 h4 51. Ne4 Qf7+ 52. Kb4 Qf5 53. Qd4 h3 54. Nf6+ Kh6 55. Qh4+ Kg7 56. Ne8+ Kg8 57. Qe7 Qc5+ 58. Kb3 Qd5+ 59. Kc3 Qf7 60. Nf6+ Kg7 61. Ne8+ Kg8 62. Qe5 Qf3+ 63. Kb4 h2 64. Nf6+ Qxf6 65. Qxf6 h1=Q 66. Qd8+ Kg7 67. Qxd7+ Kh6 68. Qe7 Qb1+ 69. Kc4 Qc2+ 70. Kb5 Qc5+ 71. Ka6 b5 72. Qf8+ Kh5 73. Qh8+ Kg4 74. Qd8 Qc6+ 75. Ka5 Qc3+ 76. Kxb5 Qb3+ 77. Kc6 Qa4+ 78. Kc7 Qa7+ 79. Kc8 Qa8+ 80. Kd7 Qa4+ 81. Ke7 Qe4+ 82. Kf8 Qf5+ 83. Ke8 Qb5+ 84. Qd7+ Qf5 85. Qxf5+ gxf5 86. d7 f4 87. d8=Q f3 88. Qd1 Kg3 89. Qf1 f2 90. Ke7 1-0


[Site "https://www.chess.com"]

[Event "Titled Tuesday Blitz August 15 Late 2023"]
[White "Bluebaum, Matthias"]
[Black "Kramnik, Vladimir"]
[WhiteFideId "24651516"]
[BlackFideId "4101588"]
[WhiteElo "3027"]
[BlackElo "2962"]
[Result "1-0"]
[Round "11"]
[TimeControl "180+1"]
[Date "2023.08.15"]
[WhiteClock "0:01:33"]
[BlackClock "0:00:00"]
[Board "7"]

1. d4 d5 2. c4 e6 3. Nc3 Nf6 4. Bg5 Be7 5. Nf3 h6 6. Bxf6 Bxf6 7. Qc2 O-O 8. O-O-O b5 9. Nxb5 c5 10. e4 Na6 11. a3 cxd4 12. e5 Bxe5 13. Nxe5 Qg5+ 14. Qd2 Qxe5 15. Qxd4 Qg5+ 16. f4 Qe7 17. cxd5 exd5 18. Nc3 Nc5 19. Nxd5 Qd6 20. Bc4 Bf5 21. Qe5 Qxe5 22. fxe5 Rfe8 23. b4 Ne6 24. Kb2 Be4 25. Rd2 Kh7 26. Re1 Bg6 27. g3 Rac8 28. Bb3 Ng5 29. Re3 Ne4 30. Rde2 Rxe5 31. Nf4 f5 32. g4 Be8 33. gxf5 Bc6 34. Bc2 Rce8 35. Nd3 1-0


[Site "https://www.chess.com"]

[Event "Titled Tuesday Blitz August 15 Late 2023"]
[White "Andreikin, Dmitry"]
[Black "Kazakouski, Valery"]
[WhiteFideId "4158814"]
[BlackFideId "13507443"]
[WhiteElo "3005"]
[BlackElo "2941"]
[Result "1-0"]
[Round "11"]
[TimeControl "180+1"]
[Date "2023.08.15"]
[WhiteClock "0:00:04"]
[BlackClock "0:00:01"]
[Board "8"]

1. d4 Nf6 2. c4 e6 3. Nf3 d5 4. Bg5 Bb4+ 5. Nc3 h6 6. Bxf6 Qxf6 7. e3 O-O 8. Rc1 dxc4 9. Bxc4 c5 10. O-O cxd4 11. Ne4 Qe7 12. a3 Ba5 13. exd4 Nd7 14. Ne5 Nf6 15. Qf3 Bb6 16. Rfd1 Rd8 17. Nc5 a5 18. a4 Ra7 19. Bb5 Nd5 20. g3 Nb4 21. h4 Bc7 22. Ne4 b6 23. Qh5 f6 24. Nc6 Nxc6 25. Bxc6 Qf7 26. Qf3 Ba6 27. d5 Bc8 28. dxe6 Bxe6 29. Rxd8+ Bxd8 30. Nd6 Qf8 31. Nf5 Rc7 32. Re1 Bf7 33. Bd5 Kh7 34. h5 Rc5 35. Bxf7 Qxf7 36. Qg4 Rd5 37. b3 Rc5 38. Re8 Bc7 39. Re7 Rc1+ 40. Kh2 1-0


[Site "https://www.chess.com"]

[Event "Titled Tuesday Blitz August 15 Late 2023"]
[White "Rasulov, Vugar"]
[Black "Xiong, Jeffery"]
[WhiteFideId "13402390"]
[BlackFideId "2047640"]
[WhiteElo "2901"]
[BlackElo "2985"]
[Result "0-1"]
[Round "11"]
[TimeControl "180+1"]
[Date "2023.08.15"]
[WhiteClock "0:02:07"]
[BlackClock "0:01:36"]
[Board "9"]

1. c4 e5 2. Nc3 Nf6 3. Nf3 Nc6 4. e3 Bb4 5. Qc2 Bxc3 6. Qxc3 Qe7 7. Be2 O-O 8. O-O d5 9. d4 exd4 10. Nxd4 Nxd4 11. Qxd4 dxc4 12. Bxc4 Be6 13. Bxe6 Qxe6 14. b3 Rfd8 15. Qf4 Nd5 16. Qg3 Qf6 17. Bd2 Nf4 18. exf4 Rxd2 19. Rad1 Rxa2 20. Rd7 Ra1 21. Rxc7 Rxf1+ 22. Kxf1 Qa1+ 23. Ke2 Re8+ 24. Kf3 Qd1# 0-1


[Site "https://www.chess.com"]

[Event "Titled Tuesday Blitz August 15 Late 2023"]
[White "Grigoriants, Sergey"]
[Black "Schekachikhin, Maksim"]
[WhiteFideId "4130804"]
[BlackFideId "24177830"]
[WhiteElo "2977"]
[BlackElo "2616"]
[Result "1-0"]
[Round "11"]
[TimeControl "180+1"]
[Date "2023.08.15"]
[WhiteClock "0:00:05"]
[BlackClock "0:01:11"]
[Board "10"]

1. d4 d5 2. c4 c6 3. Nc3 Nf6 4. e3 a6 5. Qc2 e6 6. b3 Bd6 7. Nf3 O-O 8. Be2 Nbd7 9. O-O b5 10. e4 dxe4 11. Nxe4 Nxe4 12. Qxe4 Bb7 13. c5 Be7 14. Bf4 Nf6 15. Qc2 Nd5 16. Be5 Bf6 17. Rad1 b4 18. Bd3 g6 19. Rfe1 a5 20. Bxf6 Qxf6 21. Ne5 Rfd8 22. Bc4 Ne7 23. Rd3 Nf5 24. Nxf7 Kxf7 25. Rxe6 Qxe6 26. Bxe6+ Kxe6 27. g4 Ne7 28. Qe2+ Kf7 29. Rf3+ Ke8 30. Qe6 Bc8 31. Qf7+ Kd7 32. Re3 Re8 33. d5 cxd5 34. Qe6+ Kd8 35. Qb6+ Kd7 36. Qd6# 1-0


[Site "https://www.chess.com"]

[Event "Titled Tuesday Blitz August 15 Late 2023"]
[White "Naroditsky, Daniel"]
[Black "Hua, Lefong"]
[WhiteFideId "2026961"]
[BlackFideId "2602253"]
[WhiteElo "3137"]
[BlackElo "2717"]
[Result "1-0"]
[Round "11"]
[TimeControl "180+1"]
[Date "2023.08.15"]
[WhiteClock "0:00:06"]
[BlackClock "0:00:06"]
[Board "11"]

1. e4 c5 2. c3 Nf6 3. e5 Nd5 4. Nf3 Nc6 5. Bc4 Nb6 6. Bb3 d6 7. exd6 Qxd6 8. O-O Bf5 9. d4 cxd4 10. Nxd4 Nxd4 11. cxd4 e6 12. Nc3 Be7 13. Qf3 O-O 14. d5 Bf6 15. Rd1 Qb4 16. h3 Rad8 17. Be3 Bxc3 18. bxc3 Qxc3 19. Rac1 Qe5 20. Bf4 Qe4 21. dxe6 Rxd1+ 22. Rxd1 fxe6 23. Qxe4 Bxe4 24. Bxe6+ Kh8 25. Be3 Bc6 26. h4 Re8 27. Bf7 Rf8 28. Bc5 Rc8 29. h5 h6 30. Bg6 Be8 31. Re1 Bxg6 32. hxg6 Nd7 33. Bd4 Nf6 34. Re7 Rd8 35. Bxf6 gxf6 36. Rxb7 a5 37. Rf7 Rd6 38. f4 Rd1+ 39. Kh2 Rd2 40. Rxf6 Rxa2 41. f5 Rf2 42. Rf8+ Kg7 43. Rf7+ Kg8 44. Kg1 Rf4 45. g3 Rf3 46. Kg2 Rd3 47. Ra7 Rd5 48. f6 Rd8 49. Rg7+ Kh8 50. Rh7+ Kg8 51. f7+ 1-0


[Site "https://www.chess.com"]

[Event "Titled Tuesday Blitz August 15 Late 2023"]
[White "Elsa167"]
[Black "Hoang, Thi Bao Tram"]
[BlackFideId "12401102"]
[WhiteElo "2936"]
[BlackElo "2694"]
[Result "1-0"]
[Round "11"]
[TimeControl "180+1"]
[Date "2023.08.15"]
[WhiteClock "0:00:51"]
[BlackClock "0:00:00"]
[Board "12"]

1. f4 g6 2. Nf3 Bg7 3. g3 b6 4. Bg2 Bb7 5. O-O c5 6. d3 e6 7. e4 Ne7 8. c3 O-O 9. Nbd2 d6 10. Qe1 Nbc6 11. g4 Ba6 12. Qe2 Qd7 13. g5 d5 14. e5 Rfd8 15. Rd1 Nf5 16. Nf1 Rac8 17. Ng3 Nce7 18. Bd2 b5 19. a3 h6 20. Nxf5 Nxf5 21. Bh3 Bb7 22. Bxf5 exf5 23. gxh6 Bxh6 24. d4 cxd4 25. Nxd4 a6 26. Kh1 Qe7 27. Rg1 Kh7 28. Rg3 Rh8 29. Rag1 Rcg8 30. Qg2 Qd7 31. e6 Qe7 32. Re1 Qf6 33. Rge3 Re8 34. Re5 Re7 35. exf7 Rxe5 36. fxe5 Qxf7 37. e6 Qe7 38. Rg1 Qf6 39. Qh3 Kg7 40. Bxh6+ Rxh6 41. Qg3 f4 42. Qg4 Rh5 43. Qxh5 1-0


[Site "https://www.chess.com"]

[Event "Titled Tuesday Blitz August 15 Late 2023"]
[White "Eljanov, Pavel"]
[Black "Bjelobrk, Igor"]
[WhiteFideId "14102951"]
[BlackFideId "4300726"]
[WhiteElo "2921"]
[BlackElo "2692"]
[Result "0-1"]
[Round "11"]
[TimeControl "180+1"]
[Date "2023.08.15"]
[WhiteClock "0:00:00"]
[BlackClock "0:00:26"]
[Board "13"]

1. e4 e6 2. d3 c5 3. g3 b6 4. Bg2 Bb7 5. Nd2 d6 6. f4 Nf6 7. Ngf3 Be7 8. O-O Nc6 9. c3 Qc7 10. Qe2 b5 11. a3 a5 12. h3 O-O 13. g4 b4 14. a4 bxc3 15. bxc3 Ba6 16. g5 Nd7 17. h4 Rab8 18. h5 g6 19. Nh2 e5 20. f5 Bxg5 21. Nc4 Bxc1 22. Raxc1 Bxc4 23. dxc4 Nf6 24. Qe3 Nxh5 25. Ng4 f6 26. Rcd1 Rbd8 27. Rb1 Nf4 28. fxg6 hxg6 29. Bf3 Kg7 30. Rb2 Rb8 31. Rh2 Rh8 32. Bd1 Rxh2 33. Nxh2 Rh8 34. Rf3 Nd8 35. Rg3 Nde6 36. Nf3 Qb7 37. Qd2 Qc6 38. Bc2 Kf7 39. Nh2 Ke7 40. Ng4 Qb7 41. Ne3 Ng5 42. Nd5+ Nxd5 43. exd5 Kf7 44. Rxg5 fxg5 45. Qxg5 Rg8 46. Qh4 Kg7 47. Qg4 Qf7 48. Be4 Rh8 49. Qg5 Rh5 50. Qd8 Qf6 51. Qd7+ Kh6 52. Bg2 Rf5 53. Qc8 Kg5 54. Bh3 Rf4 55. Bg2 e4 56. Qh3 Rg4 57. Qe3+ Qf4 58. Qh3 Qg3 0-1


[Site "https://www.chess.com"]

[Event "Titled Tuesday Blitz August 15 Late 2023"]
[White "Ibarra Jerez, Jose Carlos"]
[Black "Veiga, Jose Francisco R P Neves"]
[WhiteFideId "2226332"]
[BlackFideId "1930087"]
[WhiteElo "2897"]
[BlackElo "2680"]
[Result "1-0"]
[Round "11"]
[TimeControl "180+1"]
[Date "2023.08.15"]
[WhiteClock "0:00:07"]
[BlackClock "0:00:04"]
[Board "14"]

1. e4 c6 2. Nf3 d5 3. d3 Qc7 4. exd5 cxd5 5. c4 Nf6 6. Nc3 dxc4 7. dxc4 Bg4 8. h3 Bh5 9. Nb5 Qc8 10. Bf4 e5 11. Qa4 Nc6 12. Nxe5 Bb4+ 13. Qxb4 Nxb4 14. Nd6+ Ke7 15. Nxc8+ Rhxc8 16. g4 Bg6 17. Nxg6+ hxg6 18. O-O-O Rd8 19. Bg2 Nd3+ 20. Rxd3 Rxd3 21. Bxb7 Rad8 22. Be3 R8d7 23. Bf3 Rc7 24. b3 Nd5 25. Kc2 Nb4+ 26. Kb2 a5 27. a3 Nc6 28. Kc2 Ne5 29. Be2 Rd6 30. Kc3 f6 31. Re1 Kf7 32. Bd4 Nc6 33. Be3 Ne5 34. f4 Nc6 35. Bf3 Re7 36. Bd5+ Ke8 37. Kd2 a4 38. Bc5 Rxe1 39. Bxd6 axb3 40. Bxc6+ Kd8 41. Kc3 b2 42. Kxb2 Re2+ 43. Kc3 Re6 44. c5 Re3+ 45. Kb4 Rxh3 46. a4 Rh4 47. a5 Rxg4 48. a6 Rg1 49. a7 Rb1+ 50. Kc4 Ra1 51. a8=Q+ Rxa8 52. Bxa8 1-0


[Site "https://www.chess.com"]

[Event "Titled Tuesday Blitz August 15 Late 2023"]
[White "Zierk, Steven"]
[Black "Manukyan, Sargis A."]
[WhiteFideId "2034255"]
[BlackFideId "13303970"]
[WhiteElo "2866"]
[BlackElo "2620"]
[Result "1-0"]
[Round "11"]
[TimeControl "180+1"]
[Date "2023.08.15"]
[WhiteClock "0:00:12"]
[BlackClock "0:00:03"]
[Board "15"]

1. e4 c5 2. Nf3 d6 3. d4 cxd4 4. Nxd4 Nf6 5. Nc3 g6 6. Be3 Bg7 7. Be2 O-O 8. O-O Nc6 9. Nb3 Be6 10. f4 Qc8 11. Kh1 Rd8 12. Qe1 d5 13. f5 gxf5 14. exf5 Bxf5 15. Qh4 Bg6 16. Bh6 Bxh6 17. Qxh6 d4 18. Nb5 a6 19. Na3 b5 20. Rac1 Rd5 21. Bf3 Rd6 22. Rfe1 e5 23. Bxc6 Qxc6 24. Qh4 Nd7 25. Nd2 Re8 26. c4 b4 27. Nc2 Bxc2 28. Rxc2 Rg6 29. Nf3 f6 30. Nxd4 Qd6 31. Nf5 Qd3 32. Rf2 Nc5 33. Ne3 Qe4 34. Qxe4 Nxe4 35. Rf3 Rd8 36. Nd5 Kg7 37. Rxe4 a5 38. h4 h5 39. Re2 Rg4 40. Ne3 Rxh4+ 41. Kg1 Kg6 42. Ref2 Rf8 43. c5 Rd4 44. Rg3+ Kh7 45. Nf5 Rd1+ 46. Kh2 Rc1 47. Rg7+ Kh8 48. Rf3 Rxc5 49. Rh3 Rf7 50. Rxh5# 1-0


[Site "https://www.chess.com"]

[Event "Titled Tuesday Blitz August 15 Late 2023"]
[White "Krishnan, Varun"]
[Black "Mikhailov, Viacheslav"]
[WhiteFideId "5054508"]
[BlackFideId "4187369"]
[WhiteElo "2613"]
[BlackElo "2745"]
[Result "0-1"]
[Round "11"]
[TimeControl "180+1"]
[Date "2023.08.15"]
[WhiteClock "0:00:04"]
[BlackClock "0:00:41"]
[Board "16"]

1. d4 Nf6 2. c4 g6 3. Nc3 Bg7 4. e4 O-O 5. Be2 d6 6. Be3 e5 7. d5 Nbd7 8. Qd2 Nc5 9. f3 a5 10. g4 b6 11. h4 h5 12. Bg5 Qe8 13. Bxf6 Bxf6 14. gxh5 Qe7 15. Nh3 Bxh3 16. Rxh3 Bxh4+ 17. Kd1 Bg5 18. Qe1 Kg7 19. Kc2 Rh8 20. Qg3 Bf4 21. Qg4 Qg5 22. Qxg5 Bxg5 23. Rah1 Rxh5 24. Rxh5 gxh5 25. Rxh5 Bf4 26. Nb5 Na6 27. Bf1 Kf6 28. a3 Rg8 29. Kd1 Rg1 30. Ke2 Bc1 31. b3 Ke7 32. Kf2 Rg8 33. Bh3 Nc5 34. Rh7 Nd3+ 35. Ke2 Nf4+ 36. Kd1 Rg1+ 37. Kc2 Be3 38. Nxc7 Rc1+ 39. Kb2 Nd3+ 40. Ka2 Bd4 41. b4 a4 0-1


[Site "https://www.chess.com"]

[Event "Titled Tuesday Blitz August 15 Late 2023"]
[White "Papp, Levente"]
[Black "Zhigalko, Sergei"]
[WhiteFideId "751243"]
[BlackFideId "13502956"]
[WhiteElo "2697"]
[BlackElo "2918"]
[Result "0-1"]
[Round "11"]
[TimeControl "180+1"]
[Date "2023.08.15"]
[WhiteClock "0:00:00"]
[BlackClock "0:00:17"]
[Board "17"]

1. e4 c5 2. Nf3 Nc6 3. Nc3 Nf6 4. Bb5 Qc7 5. d3 Nd4 6. Ba4 e6 7. Nxd4 cxd4 8. Ne2 Bc5 9. c3 dxc3 10. bxc3 O-O 11. O-O d6 12. d4 Bb6 13. Bc2 Bd7 14. f4 Bb5 15. Rf3 Rac8 16. e5 dxe5 17. fxe5 Qxe5 18. Be3 Qc7 19. Rxf6 gxf6 20. Nf4 f5 21. Qh5 Qe7 22. Qh6 Rxc3 23. Nh5 f6 24. Bb3 Bc4 25. Ba4 e5 26. Re1 Rxe3 27. Rxe3 Bxd4 28. h3 f4 29. Bb3 Bxe3+ 30. Kh2 Bxb3 31. axb3 Qf7 0-1


[Site "https://www.chess.com"]